[Event "13th Rheinland-Pfalz-Open 2023"]
[Site "Neuwied-Engers"]
[Date "2023.06.10"]
[Round "6.1"]
[White "Winterberg, Lukas"]
[Black "Peng, Li Min"]
[Result "0-1"]
[Annotator "TA"]
[ECO "D24"]
[WhiteElo "2405"]
[BlackElo "2530"]
[PlyCount "88"]
[EventDate "2023.01.12"]
[EventType "swiss"]
[EventCountry "GER"]
[SourceTitle "playchess.com"]
[Source "ChessBase"]
[SourceQuality "1"]
[TimeControl "40/5400+30:1800+30"]

1. d4 Nf6 2. Nf3 e6 3. c4 d5 4. Nc3 dxc4 5. e4 b5 6. e5 {[%emt 0:00:12] D24: Queen's Gambit Accepted: 3 Nf3 Nf6 4 Nc3.} Nd5 7. Nxb5 Nb6 8. Be2 {[%emt 0:00:28] White is slightly better.} Nc6 9. h4 (9. O-O $14 {was preferrable.}) 9... Qd7 {[%emt 0:00:18] [#]} 10. Rh3 $146 ({Predecessor:} 10. Nc3 Be7 11. Rh3 Ba6 12. Rg3 g6 13. Kf1 O-O-O 14. Be3 Nb4 15. Nd2 Bxh4 16. Rh3 {0-1 Gunina,V (2431)-Tsolakidou,S (2380) Capechecs Online Trophy-B rapid 2020 (12)}) 10... Bb4+ 11. Kf1 Ne7 12. Nc3 Bb7 $1 13. Be3 Nf5 14. Rc1 (14. Qc2 $11) 14... O-O 15. h5 (15. a3 $11 {keeps the balance.} Be7 16. Qc2) 15... h6 {[%emt 0:00:47] Black has more active pieces. White is now going downhill.} 16. Qc2 {[%emt 0:04:34] [#]} c5 $1 17. dxc5 ({White should try} 17. Rd1) 17... Nxe3+ $17 {[%emt 0:00:07][%mdl 64] Remove Defender} 18. fxe3 Bxc5 19. Kf2 (19. Nh2 $17 {was necessary.}) 19... Qc6 $19 20. Rg3 Rad8 {[%emt 0:02:04][%cal Oc5e3] Against Nd4. Strongly threatening ...Bxe3+! Chess con chili.} 21. Rh1 $2 {[%emt 0:01:21] [#]} (21. Rd1) 21... Bxe3+ $1 {[%emt 0:06:03][%mdl 576] Decoy, Clearance} 22. Kf1 f5 23. exf6 Rxf6 24. Rh4 (24. Rg6 $142 Rd2 25. Qb1) 24... Bg5 {[%emt 0:00:55] A strong pair of Bishops.} 25. Rhg4 Qc5 ({Don't blunder} 25... Rd2 $2 26. Qc1 Qd6 27. Rxg5 hxg5 28. Rxg5 $19) 26. Ke1 Kh8 27. Ne4 Bxe4 28. Qxe4 (28. Rxe4 $142 Nd5 29. Qxc4) 28... Nd5 {[%emt 0:00:48] ...Be3 is the strong threat.} 29. Bxc4 Ne3 30. Bd3 Qc1+ (30... Nxg4 $2 31. Qh7#) 31. Kf2 Qd2+ 32. Be2 Nxg4+ 33. Rxg4 Qxb2 34. Kg1 $2 {[%emt 0:02:10] [#]} (34. Kg3 {only move.}) 34... Rf4 $1 {[%emt 0:01:35][%mdl 576] Decoy} 35. Rxf4 Qc1+ 36. Kf2 Qxf4 (36... Bxf4 $2 {loses.} 37. Bd3 g6 38. Qxe6 Qb2+ 39. Be2) 37. Qxe6 (37. Qxf4 Bxf4 38. Bc4) 37... Bh4+ 38. Kg1 Bg3 39. Qe7 Qb8 {[%emt 0:03:12] ( -> ...Re8)} 40. Qe4 Re8 41. Qd3 Qb2 42. Nd4 (42. Bf1 $142) 42... Bc7 (42... Rxe2 $142 43. Qxg3 Qxd4+ 44. Kh2 Re5 45. Qxe5 Qxe5+ 46. Kg1 Qxh5 47. Kf2 Qf7+ 48. Ke2 Qxa2+ 49. Kf3 Qc4 50. g4 a5 51. Kf2 Qxg4 52. Kf1 a4 53. Kf2 a3 54. Ke3 a2 55. Kd2 a1=Q 56. Kd3 Qgd4+ 57. Ke2 Qad1#) 43. Kh1 Rd8 (43... Qa1+ $142 44. Bf1 Re1 45. g4 Rxf1+ 46. Kg2 Rg1+ 47. Kf3 Rg3+ 48. Ke4 Rxd3 49. Kxd3 Qb1+ 50. Nc2 Qd1+ 51. Kc3 Be5+ {[%mdl 64] Deflection} 52. Kc4 Qxc2+ 53. Kd5 Bc7 54. g5 Qd3+ 55. Kc5 Be5 56. gxh6 a6 57. Kb6 Qb5+ 58. Ka7 Bc7 59. hxg7+ Kg8 60. h6 Qb8+ 61. Kxa6 Qb6#) 44. Qc4 Qa1+ {[%emt 0:00:05] Beautiful play by Peng!   Weighted Error Value: White=0.93/Black=0.39} 0-1

[Event "13th Rheinland-Pfalz-Open 2023"]
[Site "Neuwied-Engers"]
[Date "2023.06.10"]
[Round "6.2"]
[White "Stillger, Bernhard"]
[Black "du Maire, Jerome"]
[Result "1-0"]
[Annotator "TA"]
[ECO "D55"]
[WhiteElo "2289"]
[BlackElo "2129"]
[PlyCount "106"]
[EventDate "2023.01.12"]
[EventType "swiss"]
[EventCountry "GER"]
[SourceTitle "playchess.com"]
[Source "ChessBase"]
[SourceQuality "1"]
[TimeControl "40/5400+30:1800+30"]

1. d4 Nf6 2. c4 e6 3. Nf3 d5 4. Nc3 Be7 5. Bg5 h6 6. Bxf6 Bxf6 7. e3 c6 8. Rc1 Nd7 9. Bd3 O-O 10. O-O dxc4 11. Bxc4 e5 12. Ne4 exd4 13. Nxf6+ Nxf6 14. Qxd4 Qxd4 {[%emt 0:00:52] is the legacy move (14...Bg4).} 15. Nxd4 ({Don't play} 15. exd4 Re8 $11) 15... Bd7 {[%emt 0:04:55] D55: Queen's Gambit Declined: 4 Bg5 Be7: Lines without ...h6 and 6...h6 7 Bxf6.} 16. f3 Rfd8 17. Rfd1 {[%emt 0:06:55] [#]} c5 $146 {[%emt 0:05:44] The position is equal.} ({Predecessor:} 17... Kf8 18. Kf2 Ke7 19. e4 Ne8 20. Ke3 Nc7 21. Rd2 g6 22. Rcd1 f6 23. h4 c5 {1-0 Abramovic,B (2509)-Vujosevic,V (2369) YUG Cup1 Yugoslavia 2002 (5)}) 18. Nb5 Bxb5 19. Bxb5 b6 20. Kf2 Kf8 21. e4 Ke7 22. Ke3 g5 23. g3 Rxd1 (23... Ne8 $11 {remains equal.}) 24. Rxd1 $16 Rd8 {[%emt 0:00:30] Against e5} 25. Rxd8 Kxd8 {[%emt 0:00:12][%mdl 4096] Endgame KB-KN} 26. e5 Nd5+ 27. Ke4 Nc7 28. Bc4 Ke7 29. f4 gxf4 30. Kxf4 b5 31. Be2 Ke6 32. Ke4 f5+ ({Black should play} 32... Kd7) 33. exf6 Kxf6 34. h4 a5 (34... c4 $142) 35. g4 a4 (35... Ke6 $16) 36. Bf1 $18 c4 37. Kd4 {[%emt 0:03:25] Threatens to win with a3.} Ne6+ {[%emt 0:00:18] [#]} 38. Kc3 $1 {[%emt 0:00:34] Strongly threatening Kb4.} Ke5 39. Kb4 Kd4 $2 {[%emt 0:01:39][%mdl 8192] This costs Black the game.} (39... Nd4 $16) 40. a3 $1 (40. Kxb5 $2 {loses.} a3 41. Bxc4 Nc7+ 42. Kc6 axb2 $19) 40... Nc7 41. g5 hxg5 42. hxg5 {[%emt 0:00:00][%cal Bh4g5,Bg5g6,Bg6g7][%mdl 32] [#] aiming for g6.} Nd5+ 43. Kxb5 c3 44. bxc3+ {[%emt 0:00:00] White mates.} (44. Kxa4 {gets mated.} cxb2) 44... Nxc3+ 45. Kb4 Nd5+ 46. Kxa4 Nc7 47. g6 Ne8 48. Kb4 Kd5 49. Kb5 Nd6+ 50. Kb6 Nc8+ 51. Kc7 Ne7 52. g7 Ke5 53. Bc4 Ke4 {[%emt 0:01:27] Weighted Error Value: White=0.07 (flawless) /Black=0.49} 1-0

[Event "13th Rheinland-Pfalz-Open 2023"]
[Site "Neuwied-Engers"]
[Date "2023.06.10"]
[Round "6.3"]
[White "Polster, Christian"]
[Black "Kotyk, Michael"]
[Result "1/2-1/2"]
[Annotator "TA"]
[ECO "C47"]
[WhiteElo "2250"]
[BlackElo "2089"]
[PlyCount "73"]
[EventDate "2023.01.12"]
[EventType "swiss"]
[EventCountry "GER"]
[SourceTitle "playchess.com"]
[Source "ChessBase"]
[SourceQuality "1"]
[TimeControl "40/5400+30:1800+30"]

1. e4 e5 2. Nf3 Nc6 3. d4 exd4 4. Nxd4 Nf6 5. Nc3 Bb4 6. Nxc6 bxc6 7. Bd3 d5 8. exd5 O-O {[%emt 0:00:04] C47: Scotch Four Knights and Four Knights with 4 g3.} ({Much less strong is} 8... Qxd5 9. O-O Bxc3 10. bxc3 $16) 9. O-O Bg4 10. Be2 Bxe2 11. Nxe2 cxd5 12. Qd3 Bd6 13. Bf4 (13. Bg5 {seems wilder.} Re8 14. Nd4 Bxh2+ 15. Kxh2 Ng4+ 16. Kg3) 13... Rb8 14. b3 {[%emt 0:06:55] [#]} Bxf4 $146 ({Predecessor:} 14... c6 15. c4 Bxf4 16. Nxf4 Qc7 17. g3 Rfd8 18. Rac1 d4 19. c5 Nd5 20. Nxd5 Rxd5 {0-1 Tiarks,J (2180)-Agasarov,B (2249) Titled Tuesday intern op 29th Mar Early blitz 2022 (10)}) 15. Nxf4 Qd6 16. Ne2 Rfe8 17. Ng3 Re5 18. Rae1 {[%emt 0:06:42] Strongly threatening Nf5.} Rbe8 19. Rxe5 Rxe5 20. Rd1 g6 21. Nf1 Qa3 22. Qc3 {[%emt 0:02:23] Inhibits c5.} Qe7 23. b4 Re4 24. a3 {[%emt 0:05:13] The position is equal.} Rc4 25. Qe3 Qe4 26. Qxe4 Rxe4 $11 {[%emt 0:01:09][%mdl 4096] Endgame KRN-KRN} 27. f3 Re2 28. Rd2 Re6 29. Kf2 a5 30. c3 Rc6 31. Rd3 d4 {[%emt 0:03:31][%mdl 64] [#] Against Ne3. Deflection} 32. cxd4 axb4 33. axb4 Rb6 34. Rb3 Nd5 35. b5 c6 36. Ne3 {[%emt 0:00:34] [#] Hoping for Nxd5.} Nc7 37. Rc3 {[%emt 0:00:56] An interesting draw.   Weighted Error Value: White=0.04 (flawless) /Black=0.03 (flawless)} 1/2-1/2

[Event "13th Rheinland-Pfalz-Open 2023"]
[Site "Neuwied-Engers"]
[Date "2023.06.10"]
[Round "6.5"]
[White "Kettler, Ilija Jonas"]
[Black "Baerwinkel, Tobias"]
[Result "0-1"]
[Annotator "TA"]
[ECO "B51"]
[WhiteElo "2106"]
[BlackElo "2324"]
[PlyCount "82"]
[EventDate "2023.01.12"]
[EventType "swiss"]
[EventCountry "GER"]
[SourceTitle "playchess.com"]
[Source "ChessBase"]
[SourceQuality "1"]
[TimeControl "40/5400+30:1800+30"]

1. e4 c5 2. Nf3 d6 3. Bb5+ Nd7 4. c4 Ngf6 5. Nc3 g6 6. d3 {[%emt 0:00:16] B51: Sicilian: Moscow Variation (3 Bb5+) without 3...Bd7.} Bg7 7. h3 O-O 8. Ba4 {[%emt 0:00:34] The position is equal.} b6 9. Be3 Ne5 {[%emt 0:00:53] [#]} 10. Nh2 $146 (10. Nxe5 $14 dxe5 11. O-O) ({Predecessor:} 10. Nxe5 dxe5 11. a3 Bb7 12. b4 cxb4 13. axb4 Nh5 14. O-O Nf4 15. Nd5 Nxd5 16. exd5 {1-0 Yuan,Q (2373)-Chernobay,A (2484) Titled Tuesday intern op 05th Apr Late blitz 2022 (6)}) 10... Bd7 11. Bxd7 Qxd7 12. O-O a6 13. f4 Nc6 14. Nf3 Rab8 15. d4 (15. Rc1 $11 {deserves consideration.}) 15... cxd4 16. Nxd4 Rfc8 17. Qd3 {[%emt 0:07:06] [#]} b5 $1 18. cxb5 axb5 19. a3 ({But not} 19. Ndxb5 Nb4 20. Qe2 Nxe4 $17) 19... b4 20. Nxc6 Qxc6 21. axb4 Rxb4 22. Ra6 Qd7 (22... Qe8 $15) 23. e5 $11 Ne8 (23... dxe5 $11 24. Qxd7 Nxd7) 24. Nd5 $1 $16 Rxb2 25. Ra7 {[%emt 0:00:40][%mdl 64] Skewer} Rb7 26. Nb6 (26. Rxb7 $1 $16 Qxb7 27. Rb1) 26... Rxa7 $11 27. Nxd7 Rxd7 28. Rd1 Rdc7 29. Qb5 h5 30. Bd4 {[%emt 0:02:12][%mdl 1024] White has compensation.} e6 31. Bb6 Rc6 32. Bd4 d5 33. Ra1 $2 {[%emt 0:01:00] [#]} (33. g4 $11 {and White stays safe.}) 33... Rc4 $2 (33... Nd6 $1 $19 34. Qa4 Nf5) 34. Be3 Bh6 35. g3 h4 36. Ra7 $36 {[%emt 0:01:32][%mdl 2048] aiming for Qd7. Black is under pressure.} Ng7 $1 {[%emt 0:00:49] And now ...Nf5 would win.} 37. Qb7 ({Stronger than} 37. gxh4 Nf5 38. Qb7 Rf8 $17) 37... Rf8 38. Bd2 $2 (38. gxh4 Nf5 39. Bd2 Rc2 $19) (38. g4 $1 $14 {was forced to keep a grip.}) 38... hxg3 $19 39. Bb4 {[%emt 0:00:06] [#]} Rxb4 40. Qxb4 $11 Nh5 {[%emt 0:01:02] Chess con chili.} 41. f5 Be3+ {[%emt 0:30:12] Black used his chance.   Weighted Error Value: White=0.40/Black=0.27 (precise)} ({And not} 41... exf5 42. Kg2 $11) 0-1

[Event "13th Rheinland-Pfalz-Open 2023"]
[Site "Neuwied-Engers"]
[Date "2023.06.10"]
[Round "6.6"]
[White "Chassard, Cedric"]
[Black "Weber, Samuel"]
[Result "1/2-1/2"]
[Annotator "TA"]
[ECO "C72"]
[WhiteElo "2094"]
[BlackElo "2296"]
[PlyCount "81"]
[EventDate "2023.01.12"]
[EventType "swiss"]
[EventCountry "GER"]
[SourceTitle "playchess.com"]
[Source "ChessBase"]
[SourceQuality "1"]
[TimeControl "40/5400+30:1800+30"]

1. e4 e5 2. Nf3 Nc6 3. Bb5 a6 4. Ba4 d6 5. d4 exd4 6. Nxd4 Bd7 7. O-O g6 {[%emt 0:03:36] C72: Ruy Lopez: Deferred Steinitz: 5 0-0.} (7... b5 $14 8. Nxc6 Bxc6) 8. Nxc6 $16 bxc6 9. Qd4 $1 {[%emt 0:01:42] [#] Prevents Bg7.} Qf6 $146 {[%emt 0:01:11] White is clearly better.} ({Predecessor:} 9... f6 10. Qc4 d5 11. exd5 cxd5 12. Re1+ Ne7 13. Qd4 Bxa4 14. Qxa4+ Qd7 15. Qd4 Kf7 {1-0 Svane,F (2470)-Alavi Moghaddam,S (2455) Titled Tuesday intern op 02nd Nov blitz 2021 (8)}) 10. Qc4 ({White should try} 10. Qb4 $1) 10... Ne7 11. Bd2 $1 {[%emt 0:01:41] aiming for Bc3.} Qe6 12. Qc3 Rg8 13. Bb3 (13. Qb4 $16) 13... Qxe4 $14 14. Re1 Qf5 15. Qe3 {[%emt 0:06:52][%mdl 1024] White has compensation.} (15. Qb4 {is interesting.} Bg7 16. Bc3 a5 17. Qb7) 15... Be6 16. Nc3 ({Don't play} 16. Bxe6 fxe6 17. Qxe6 Qxe6 18. Rxe6 Kd7 $11) 16... Kd8 (16... Bg7 $14) 17. Ne4 $36 {[%emt 0:11:54][%mdl 2048] White is in control.} ({Reject} 17. Bxe6 fxe6 18. Qxe6 Qxe6 19. Rxe6 Kd7 $11) 17... Nd5 18. Qg3 Be7 19. c4 Nf6 20. Ng5 Nh5 ({Black should play} 20... Nd7 $14) 21. Nxe6+ $1 $16 fxe6 22. Qe3 e5 {[%emt 0:06:48] [#]} (22... Rf8 $16 {was worth a try.}) 23. c5 $1 d5 (23... Rf8 24. cxd6) 24. Qxe5 (24. Ba4 $1 $18 ) 24... Qxe5 25. Rxe5 {[%emt 0:00:02] Ba4 is the strong threat.} Bf6 {[%emt 0:00:54] [#]} 26. Re6 {[%emt 0:05:27] White is much more active. The black rooks are badly placed.} Kd7 27. Rae1 {[%emt 0:00:52] Strongly threatening Bd1.} Rae8 28. Rxe8 Rxe8 29. Rxe8 Kxe8 {[%emt 0:00:02][%mdl 4096] Endgame KBB-KBN} 30. Ba4 Kd7 31. b4 Bd4 {[%emt 0:05:54] [#]} 32. Kf1 $1 Ng7 33. Ke2 Ne6 34. Bc2 (34. f4 $16) 34... a5 $1 $11 35. a3 Bb2 36. a4 (36. bxa5 $14 Bxa3 37. Be3) 36... axb4 37. Bxb4 Bd4 38. h4 Nxc5 39. Bxc5 Bxc5 40. f4 Ke6 (40... Be7 $11) 41. g4 {[%emt 0:03:20] White really could win this.   Weighted Error Value: White=0.15 (very precise) /Black=0.18 (very precise) .  Loses game:     	---       	---        Missed win:     	---       	---        Mistake:       	White=6     	Black=4      Inaccurate:     	White=1     	Black=1      OK:         	White=12    	Black=12     Best:        	White=2     	Black=3      Strong:       	White=4     	Black=1      Brilliant:      	---       	---} (41. a5 $14) 1/2-1/2

[Event "13th Rheinland-Pfalz-Open 2023"]
[Site "Neuwied-Engers"]
[Date "2023.06.10"]
[Round "6.7"]
[White "Ollenberger, Roland"]
[Black "Boehme, Sebastian"]
[Result "1/2-1/2"]
[Annotator "TA"]
[ECO "A00"]
[WhiteElo "2280"]
[BlackElo "2163"]
[PlyCount "129"]
[EventDate "2023.01.12"]
[EventType "swiss"]
[EventCountry "GER"]
[SourceTitle "playchess.com"]
[Source "ChessBase"]
[SourceQuality "1"]
[TimeControl "40/5400+30:1800+30"]

1. Nc3 d5 2. e4 d4 3. Nce2 e5 4. Nf3 f6 5. Ng3 Be6 6. Bb5+ Nc6 {[%emt 0:04:54] A00: Irregular Openings.} 7. O-O Nge7 8. d3 Qd6 {[%emt 0:03:07] [#] Black is slightly better.} (8... a6 $5 9. Ba4 h5 $11) 9. Nh4 $146 ({Predecessor:} 9. Bd2 O-O-O 10. h4 h5 11. a3 a6 12. Ba4 Kb8 13. Qe2 Nc8 14. b4 Nb6 15. Bb3 Bxb3 16. cxb3 {½-½ Kokorin,V (2254)-Krakovsky,P (2248) W-ch WS/M/326 email 2011}) 9... Qd7 10. Bxc6 (10. f4 $11) 10... Nxc6 $17 11. Ne2 (11. Bd2 $17 {keeps fighting.}) 11... g5 $1 $19 12. Nf3 O-O-O 13. Nd2 h5 14. b3 g4 15. f4 gxf3 16. Nxf3 h4 17. Kh1 Bh6 (17... h3 $19 {And now ...hxg2+ would win.} 18. g3 Bg4) 18. Bxh6 $15 Rxh6 19. Qd2 Rhh8 20. Rf2 Ne7 21. Raf1 b6 22. Qe1 Kb7 (22... h3 $5 23. g3 Qc6 $15) 23. Neg1 Rdg8 24. Nd2 f5 25. Ngf3 Qd6 26. exf5 (26. Nxe5 $1 $11 h3 27. Nef3 (27. exf5 $2 hxg2+ 28. Rxg2 Rxg2 $19)) 26... Nxf5 $17 27. Qe4+ ({Much weaker is} 27. Nxe5 Ng3+ 28. Kg1 Nxf1 29. Kxf1 h3 $19) (27. Ne4 $17 Qe7 28. h3 (28. Nxe5 Ng3+ 29. Kg1 Nxf1 $17)) 27... Kb8 28. Qxe5 {[%emt 0:06:50] [#]} Ng3+ $1 {[%emt 0:01:41][%mdl 576] Double Attack} 29. Kg1 Qxe5 ({And not} 29... Nxf1 30. Qxd6 cxd6 31. Kxf1 $15) 30. Nxe5 Nxf1 31. Kxf1 h3 32. g3 Bd5 {[%emt 0:01:10][%cal Og8g3] Prevents Nc6+} 33. Ndf3 ({White should play} 33. Nef3) 33... c5 {[%emt 0:01:01] aiming for ...Kc7.} 34. Nh4 Kb7 35. Neg6 Rh7 (35... Rh6 $17 36. Ne7 Rg5 37. Nxd5 Rxd5 38. Rf7+ Kb8) 36. Nf4 $11 Bc6 37. Nxh3 Re8 38. Nf4 Rhe7 39. Re2 {[%emt 0:00:24] Dodges Re1+} Rxe2 40. Nxe2 {[%emt 0:00:35][%mdl 4096] Endgame KRB-KNN} Bd7 41. Nf4 {[%emt 0:32:48] [#]} (41. Kf2 $11 {remains equal.}) 41... Bg4 $1 $17 42. Nhg6 $2 (42. Kf2 $15) 42... Bd1 $19 43. h4 (43. Nh4 $142) 43... Bxc2 {[%emt 0:01:09] ...b5 would be deadly.} 44. h5 b5 45. Nh4 a5 46. Nf5 {[%emt 0:00:00] Strongly threatening Nd6+.} Rf8 (46... Kc6 $142 {...b4 is the strong threat.} 47. g4 b4) 47. g4 {[%emt 0:00:00] [#]} Bd1 48. Ng6 $2 {[%emt 0:00:00][%mdl 8192] Dodges Bxg4} (48. Ne6 $17 Rh8 49. g5 (49. Nxc5+ $2 {perishes.} Kc6 $19)) 48... Bxg4 $2 (48... Rf6 $19 49. h6 Bxg4) 49. Nxf8 $11 {[%emt 0:00:00] The position is equal.} Bxf5 $19 {[%emt 0:00:01] KB-KN} 50. h6 {[%emt 0:00:00] Black must now prevent Ke2.} Bxd3+ 51. Ke1 Kc6 52. Kd2 Bf5 53. h7 Bxh7 54. Nxh7 $11 {[%emt 0:00:09] KN-KP} c4 55. Ng5 Kc5 56. Ne6+ Kb4 57. Nxd4 cxb3 58. Nxb3 {[%emt 0:00:24] KN-KPP} Ka3 59. Nc1 Kb2 60. Kd1 a4 61. Kd2 b4 62. Nd3+ Kxa2 63. Nxb4+ Kb3 64. Nc2 a3 65. Nxa3 {[%emt 0:00:12] Whites escaped into a draw.   Weighted Error Value: White=0.34/Black=0.23 (precise)} 1/2-1/2

[Event "13th Rheinland-Pfalz-Open 2023"]
[Site "Neuwied-Engers"]
[Date "2023.06.10"]
[Round "6.8"]
[White "Ronge, Tim"]
[Black "Barthel, Ansgar"]
[Result "1-0"]
[Annotator "TA"]
[ECO "B04"]
[WhiteElo "2266"]
[BlackElo "2081"]
[PlyCount "55"]
[EventDate "2023.01.12"]
[EventType "swiss"]
[EventCountry "GER"]
[SourceTitle "playchess.com"]
[Source "ChessBase"]
[SourceQuality "1"]
[TimeControl "40/5400+30:1800+30"]

1. e4 Nf6 2. e5 Nd5 3. d4 d6 4. c4 Nb6 5. exd6 cxd6 6. Nf3 g6 7. h3 Bg7 8. Be2 O-O 9. Nc3 Nc6 10. O-O Bf5 11. d5 {[%emt 0:01:56] B04: Alekhine's Defence: 4 Nf3.} Na5 12. Nd4 $1 ({Reject} 12. g4 Bd7 13. Qd3 Naxc4 $17) 12... Naxc4 13. a4 {[%emt 0:03:28][%cal Ba2a4,Ba4a5][%mdl 32] The position is equal.} Rc8 ({Better is} 13... Na5 $11) 14. a5 Na8 {[%emt 0:00:35] [#]} 15. a6 $146 ({Predecessor:} 15. Ra4 Ne5 16. f4 Nd7 17. g4 Nc5 18. gxf5 Nxa4 19. Qxa4 Rc5 20. Nb3 Rc8 21. fxg6 hxg6 {1-0 Cornette,M (2578)-Vogel,C (2149) EU-Cup 36th Struga 2021 (1.19)}) 15... Qb6 {[%emt 0:07:38] Black cannot hold the game after this.} ({Black should try} 15... bxa6 $14 16. Nc6 (16. Rxa6 Bd7 $11) 16... Rxc6 17. dxc6 Ne5) 16. axb7 $18 Qxb7 17. Nc6 Rxc6 18. dxc6 Qxc6 {[%emt 0:00:06] [#]} 19. Nd5 ({Not} 19. Rxa7 Nab6 $16) 19... Re8 20. Rxa7 Kf8 21. Bf3 (21. Bxc4 $142 Qxc4 22. Nxe7) 21... Ne5 22. Bg5 f6 23. Bf4 {[%emt 0:06:02][%cal Od5e7] And now Nxe7! would win.} Nxf3+ 24. Qxf3 Be6 $2 {[%emt 0:24:30] [#]} (24... Nb6) 25. Nxe7 $1 {[%emt 0:03:13][%mdl 576] Discovered Attack} Qxf3 26. gxf3 Bxh3 27. Re1 Rd8 28. Nc6 {[%emt 0:00:06][%mdl 64] Deflection.   Weighted Error Value: White=0.24 (precise) /Black=0.97} 1-0

[Event "13th Rheinland-Pfalz-Open 2023"]
[Site "Neuwied-Engers"]
[Date "2023.06.10"]
[Round "6.9"]
[White "Perske, Paul"]
[Black "Commercon, Simon"]
[Result "1/2-1/2"]
[Annotator "TA"]
[ECO "C06"]
[WhiteElo "2092"]
[BlackElo "2189"]
[PlyCount "156"]
[EventDate "2023.01.12"]
[EventType "swiss"]
[EventCountry "GER"]
[SourceTitle "playchess.com"]
[Source "ChessBase"]
[SourceQuality "1"]
[TimeControl "40/5400+30:1800+30"]

1. e4 e6 2. d4 d5 3. Nd2 Nf6 4. e5 Nfd7 5. c3 c5 6. Bd3 Nc6 7. Ne2 a6 8. O-O {[%emt 0:01:51] C06: French Tarrasch: 3...Nf6 4 e5 Nfd7 5 Bd3 main lines.} b5 9. Nf3 Be7 10. Re1 {[%emt 0:00:35] White is slightly better.} Bb7 {[%emt 0:01:49] [#]} 11. Be3 $146 ({Predecessor:} 11. Nf4 g6 12. Be3 c4 13. Bc2 Qc7 14. b3 Na5 15. b4 Nc6 16. a4 O-O-O 17. axb5 axb5 {1-0 Szucs,Z (1663)-Toth,B (1300) Budapest Art Pub Cup 3rd 2014 (5)}) 11... h6 12. Nf4 Qb6 (12... c4 $142) 13. Nh5 (13. dxc5 $142 Bxc5 14. Bxc5 Nxc5 15. Bc2) 13... g6 (13... Kf8 $142) 14. dxc5 $16 {[%emt 0:01:52] White is more active.} Bxc5 15. Nf6+ Nxf6 16. exf6 ({White must play} 16. Bxc5 $16 Qxc5 17. exf6) 16... Bxe3 $11 17. Rxe3 {[%emt 0:00:11][%cal Od3g6] [#] And now Bxg6! would win.} O-O-O (17... Qd8 $1 $11) 18. Qe2 (18. a4 $18) 18... d4 $14 19. cxd4 Nxd4 20. Nxd4 Rxd4 21. Be4 (21. Rc1+ {is more complex.} Kd7 22. b3 Rc8 23. Re1) 21... Rhd8 22. Rc1+ Kb8 23. Bxb7 Qxb7 24. Rec3 Qd5 {[%emt 0:03:17] Inhibits Qe5+.} 25. h3 Rd1+ 26. Kh2 Qd6+ (26... Rxc1 $17 27. Rxc1 Qd2) 27. g3 $11 Rd2 28. Qe1 Qd4 29. R3c2 Rd7 30. b3 Rxc2 31. Rxc2 {[%emt 0:00:05][%mdl 4096] Endgame KQR-KQR} Kb7 32. Qh1+ Qd5 33. Qc1 Qf3 34. Rd2 Rc7 35. Qe1 h5 36. h4 Kc8 37. Rd6 Rc2 (37... Qxf6 38. Qe3 $14) 38. Kg1 a5 (38... Rxa2 39. Qc1+) (38... Qxf6 39. Qe3 Qc3 40. Qe4 $16 (40. Rxa6 Qxe3 41. fxe3 Kb7 $17)) 39. a3 Rc3 40. Qd2 Qxf6 41. Ra6 Qf3 {[%emt 0:04:01] Prevents Ra8+. Hoping for ...Rd3.} (41... Rxb3 42. Rc6+ (42. Qxa5 Rxg3+ 43. fxg3 Qd4+ 44. Kh1 Qe4+ 45. Kh2 Qc2+ 46. Kh3 Qf5+ 47. Kh2 Qf2+ 48. Kh3 Qf1+ 49. Kh2 Qf2+ 50. Kh3 Qf1+ 51. Kh2 Qf2+ $11) 42... Kb8 43. Qd6+ (43. Qxa5 Rxg3+ 44. fxg3 Qd4+ 45. Kf1 Qd3+ 46. Kf2 Qd4+ 47. Kf1 Qd3+ 48. Kf2 Qd4+ 49. Kf1 $11) 43... Ka8 44. Ra6+ Kb7 45. Qc6+ Kb8 46. Ra8#) (41... Kb7 $2 42. Qd6 (42. Rxa5 Kc8 $16) 42... Rc7 43. Rb6+ (43. Rxa5 Rc1+ 44. Kg2 Qf5 $16) 43... Kc8 44. Qf8+ (44. Rxb5 Qf3 $11) 44... Qd8 45. Rb8+ Kxb8 46. Qxd8+ $18) 42. Ra8+ {[%emt 0:00:00] [#]} Qxa8 (42... Kb7 $1 $17 43. Rd8 (43. Rxa5 $2 {is the wrong capture.} Rd3 $19) 43... Qc6 44. Rd7+ Ka6) 43. Qxc3+ $17 {[%emt 0:00:00] KQ-KQ} Kd7 44. Qd4+ (44. Qf6 $1 $11) 44... Qd5 $15 45. Qa7+ Ke8 46. Qb8+ Ke7 47. Qa7+ Kf6 48. Qxa5 Qxb3 49. Qd8+ Kg7 50. Qd4+ Kh7 51. Qf6 Qd1+ ({Much weaker is} 51... Qxa3 52. Qxf7+ Kh6 53. Qf6 $11) 52. Kh2 Qd7 53. Qb2 Kg8 54. Qb4 e5 55. Kg1 Qd5 56. Qe7 Kg7 57. Kf1 e4 58. Kg1 Qd1+ 59. Kg2 Qf3+ 60. Kf1 Qf5 {[%emt 0:00:00] Inhibits Qe5+.} (60... Qd3+ $15 61. Kg2 Qf3+ 62. Kg1 Qd1+ 63. Kg2 Qe2) 61. Ke2 ({Better is} 61. Qe8 $1 $11) 61... Kg8 62. Qe8+ Kh7 $1 63. Qe7 Qd5 64. Kf1 Kg7 65. Kg1 Qe6 66. Qc5 Qe8 67. Kf1 f6 (67... Kg8 $1 $15) 68. Ke2 $11 Kh6 69. Qd6 Kg7 70. Qc5 f5 71. Qd4+ Kf7 72. Qd5+ Kf6 73. Ke3 Qe5 74. Qd8+ Kg7 75. Qd7+ Kh6 {[%emt 0:01:24] ...Qc3+ would be deadly.} 76. Qd8 Qc5+ 77. Ke2 $1 Qc4+ (77... Qxa3 $2 78. Qh8#) 78. Ke1 Qc1+ {[%emt 0:02:24] Weighted Error Value: White=0.16 (very precise) /Black=0.15 (very precise)} 1/2-1/2